 Dungeon Sprint DCSS version 0.30-a0-222-ge547ba4400 (webtiles) character file.

Game seed: 7664741977378077484

441 tbh1313 the Basher (level 6, -1/88 HPs)
             Began as a Troll Berserker on Oct 9, 2022.
             Was a Believer of Trog.
             Slain by a centaur warrior (2 damage)
             ... in the Dungeon (Sprint I: "Red Sonja").
             The game lasted 00:01:18 (178 turns).

tbh1313 the Basher (Troll Berserker)                 Turns: 178, Time: 00:01:19

Health: -1/88      AC:  6    Str: 26    XL:     6   Next: 70%
Magic:  5/5        EV: 10    Int:  5    God:    Trog [**....]
Gold:   297        SH:  0    Dex:  9    Spells: 5/5 levels left

rFire   . . .      SeeInvis .    a - +0 giant spiked club
rCold   . . .      Faith    .    (shield currently unavailable)
rNeg    + . .      Spirit   .    j - +2 robe {rN+}
rPois   .          Reflect  .    (helmet restricted)
rElec   .          Harm     .    (no cloak)
rCorr   .          Rampage  .    (gloves unavailable)
Will    .....      NoTele   +    (boots unavailable)
Stlth   ..........               (no amulet)
HPRegen 1.14/turn                (no ring)
MPRegen 0.09/turn                (no ring)

@: berserking, very quick
A: large, unfitting armour, claws 3, regeneration 1, shaggy fur 1, tough skin 1
a: Renounce Religion, Berserk, Trog's Hand


You were in the Dungeon.
You worshipped Trog.
Trog was pleased with you.
You visited 1 branch You collected 297 gold pieces.

Inventory:

Hand Weapons
 a - a +0 giant spiked club (weapon)
Armour
 j - a +2 robe of positive energy (worn)
Wands
 i - a wand of quicksilver (5)
Potions
 b - a potion of mutation {unknown}
 c - a potion of curing
 d - a potion of heal wounds
 e - a potion of haste
 f - 2 potions of magic
 g - a potion of berserk rage


   Skills:
 - Level 2.4 Fighting
 + Level 13.4 Maces & Flails
 - Level 2.4 Dodging


You had 5 spell levels left.
You didn't know any spells.
Your spell library was empty.

Dungeon Overview and Level Annotations

Branches:
Dungeon (1/1)

Altars:
Cheibriados
Dithmenos
Elyvilon
Fedhas
Gozag
Hepliaklqana
Kikubaaqudgha
Nemelex Xobeh
Okawaru
Qazlal
Ru
Sif Muna
Trog
Uskayaw
Vehumet
Wu Jian
Yredelemnul
Zin
The Shining One

Shops:
D (


Innate Abilities, Weirdness & Mutations

You are too large for most types of armour.
You have claws for hands.
Your natural rate of healing is unusually fast.
You are covered in fur. (AC +1)
You have tough skin. (AC +1)


Message History

You now have 243 gold pieces (gained 27).
You now have 270 gold pieces (gained 27).
You now have 297 gold pieces (gained 27).
There is an open door here.
You open the door.
Found a cyan potion.
There is an open door here.
b - a cyan potion
There is an open door here.
There is a shimmering blue altar of Sif Muna here.
You open the door. 2 centaur warriors come into view.
The centaur warrior moves out of view. x2
Found a bronze wand and 7 gold pieces.
What are your orders? t - Shout!
Orders for allies: a - Attack new target. r - Retreat! s - Stop attacking. g - Guard the area. f - Follow me.
Anything else - Cancel.
Okay, then.
Blink to where?
Press: ? - help, Dir - move target
As you read the scroll of blinking, it crumbles to dust.
The centaur warrior shouts! x2
The centaur warrior hits you! The centaur warrior kicks you.
The centaur warrior wields a +0 shortbow.
The centaur warrior shoots an arrow.
The arrow closely misses you.
A red film seems to cover your vision as you go berserk!
You feel yourself moving faster!
You feel mighty! The centaur warrior hits you! The centaur warrior kicks you.
The centaur warrior shoots an arrow.
The arrow hits you!! The centaur warrior hits you!
The centaur warrior closely misses you.
You closely miss the centaur warrior.
The centaur warrior shoots an arrow.
The arrow hits you!!
* * * LOW HITPOINT WARNING * * *
The centaur warrior hits you.
* * * LOW HITPOINT WARNING * * *
The centaur warrior kicks you.
You die...

#############
#..').#.['..#
').#..'..#..+
#####'#####'# ####
####..#...#[####§$#
#__####..##(#§§§@c#
#_____##'#_§'§§§§§+
#_.∩...'..._#~§§§c#
#_..__##_.#'##+####
#_____###+#.#
####### ###


You could see 2 centaur warriors.

Levels and vault maps discovered:
D:        dungeon_sprint_1 [red_sonja_temple_1, red_sonja_temple_small_1]

Notes
Turn   | Place    | Note
-------+----------+-------------------------------------------
     0 | D        | tbh1313 the Troll Berserker began the quest for the Orb.
     0 | D        | Reached XP level 1. HP: 22/22 MP: 0/0
     1 | D        | Noticed Ijyb
    12 | D        | Killed Ijyb
    13 | D        | Reached skill level 5 in Maces & Flails
    13 | D        | Reached XP level 2. HP: 29/29 MP: 1/1
    46 | D        | Noticed an ogre
    50 | D        | HP: 1/43 [ogre/+0 giant spiked club (23)]
    52 | D        | Killed an ogre
    53 | D        | Reached skill level 8 in Maces & Flails
    53 | D        | Reached XP level 3. HP: 3/36 MP: 2/2
    53 | D        | Reached XP level 4. HP: 4/44 MP: 3/3
    91 | D        | Noticed Sigmund
   100 | D        | Killed Sigmund
   100 | D        | Reached ** piety under Trog
   101 | D        | Reached skill level 11 in Maces & Flails
   101 | D        | Reached XP level 5. HP: 50/50 MP: 4/4
   101 | D        | Reached XP level 6. HP: 59/59 MP: 5/5
   127 | D        | Found an ornate altar of the Wu Jian Council.
   127 | D        | Found a shimmering blue altar of Sif Muna.
   129 | D        | Found a radiant altar of Vehumet.
   132 | D        | Reached skill level 12 in Maces & Flails
   135 | D        | Found Faykiaz's Weapon Emporium.
   135 | D        | Found an ancient bone altar of Kikubaaqudgha.
   135 | D        | Found a hazy altar of Hepliaklqana.
   135 | D        | Found a stormy altar of Qazlal.
   135 | D        | Found a hide-covered altar of Uskayaw.
   135 | D        | Found a blossoming altar of Fedhas.
   135 | D        | Found a bloodstained altar of Trog.
   135 | D        | Found an iron altar of Okawaru.
   135 | D        | Found a basalt altar of Yredelemnul.
   135 | D        | Found a glowing golden altar of the Shining One.
   135 | D        | Found a snail-covered altar of Cheibriados.
   135 | D        | Found a sacrificial altar of Ru.
   135 | D        | Found a glowing silver altar of Zin.
   135 | D        | Found a shadowy altar of Dithmenos.
   135 | D        | Found a white marble altar of Elyvilon.
   135 | D        | Noticed a yak
   141 | D        | Killed a yak
   142 | D        | Reached skill level 13 in Maces & Flails
   142 | D        | Found an opulent altar of Gozag.
   143 | D        | Found a sparkling altar of Nemelex Xobeh.
   175 | D        | Noticed a centaur warrior
   175 | D        | Noticed a centaur warrior
   178 | D        | HP: 6/88 [centaur warrior/arrow (21)]
   178 | D        | HP: 1/88 [centaur warrior (5)]
   178 | D        | Slain by a centaur warrior

Table legend: (Time is in decaauts)
 A = Elapsed time spent in this place.
 B = Non-inter-level travel time spent in this place.
 C = Inter-level travel time spent in this place.
 D = Time resting spent in this place.
 E = Time spent auto-exploring this place.
 F = Levels seen in this place.
 G = Mean time per level.
                   A        B        C        D        E       F      G
               +--------+--------+--------+--------+--------+-----+--------+
         Total |    206 |    206 |      0 |     75 |     19 |   1 |  206.0 |
       Dungeon |    206 |    206 |      0 |     75 |     19 |   1 |  206.0 |
               +--------+--------+--------+--------+--------+-----+--------+

Top non-repeatable levels by time:
       D: 206 daAuts

Table legend:
 A = Kills in this place as a percentage of kills in entire the game.
 B = Kills by you in this place as a percentage of kills by you in the entire game.
 C = Kills by friends in this place as a percentage of kills by friends in the entire game.
 D = Other kills in this place as a percentage of other kills in the entire game.
 E = Experience gained in this place as a percentage of experience gained in the entire game.
 F = Experience gained in this place divided by the number of levels of this place that you have seen.
                   A       B       C       D       E      F
               +-------+-------+-------+-------+-------+----------------------
         Total | 100.0 | 100.0 |   N/A |   N/A | 100.0 | 630.0
       Dungeon | 100.0 | 100.0 |   N/A |   N/A | 100.0 | 630.0
               +-------+-------+-------+-------+-------+----------------------

Action                   |  1- 3 |  4- 6 || total
-------------------------+-------+-------++-------
Melee: Mace              |    13 |       ||    13
       Giant spiked club |       |    14 ||    14
Invok: Berserk           |     2 |     2 ||     4
  Use: Scroll            |       |     1 ||     1
Armor: Animal skin       |     1 |       ||     1
       Robe              |       |     2 ||     2
Dodge: Dodged            |     3 |     7 ||    10

Vanquished Creatures
  Sigmund (D)
  A yak (D)
  An ogre (D)
  A jelly (D)
  Ijyb (D)
5 creatures vanquished.
